Map: Ruins of Endion

Players

pachump

  • Race: Terran Terran
  • League: Gold

CaptRaynor - Winner!

  • Race: Terran Terran

VOD

Have the link to the VOD?

Description

Time

  • Played on: April 3, 2016, 1:04 a.m.
  • Length: 5:35
Show
View Real Time Build Order
Export as new Build Order

pachump Terran 

Build Orders: Reaper Expand 

Get SALT Encoding   

  12  0:01  SCV  
  13  0:13  SCV  
  14  0:20  Supply Depot  
  14  0:25  SCV  
  15  0:42  SCV  
  16  0:43  Barracks  
  16  0:51  Refinery  
  16  0:54  SCV  
  17  1:06  SCV  
  18  1:18  SCV  
  19  1:30  Orbital Command  
  19  1:35  Reaper  
  20  1:48  Command Center  
  20  1:57  SCV  
  21  2:10  Supply Depot  
  21  2:14  Barracks Reactor  
  21  2:19  SCV  
  22  2:27  Bunker  
  22  2:32  Factory  
  22  2:33  SCV  
  22  2:35  Refinery  
  23  2:45  SCV  
  24  2:52  Marine x2  
  26  2:58  Engineering Bay  
  26  3:01  SCV  
  27  3:13  SCV  
  27  3:16  Factory Tech Lab  
  27  3:19  Starport  
  28  3:25  SCV  
  29  3:32  Missile Turret  
  29  3:36  Orbital Command  
  29  3:38  SCV  
  29  3:50  SCV  
  29  3:52  Factory Tech Lab  
  29  3:53  Marine  
  29  3:54  Marine  
  32  4:02  SCV  
  33  4:09  Raven  
  35  4:14  Refinery, SCV  
  35  4:15  Missile Turret  
  34  4:33  SCV  
  33  4:44  Siege Tank  
  36  4:54  Supply Depot x2  
  36  5:13  Supply Depot x2  
Show
View Real Time Build Order
Export as new Build Order

CaptRaynor Terran - Winner!

Build Orders:  

Get SALT Encoding   

  12  0:01  SCV  
  13  0:22  Supply Depot  
  13  0:26  Refinery  
  13  0:28  SCV  
  14  0:47  Supply Depot  
  14  0:48  SCV  
  15  1:02  SCV  
  15  1:03  Barracks  
  16  1:10  Supply Depot  
  16  1:15  SCV  
  17  1:27  SCV  
  18  1:40  SCV  
  18  1:41  Refinery  
  19  1:52  Barracks Tech Lab  
  19  1:55  Barracks  
  19  2:03  Ghost Academy  
  19  2:06  SCV  
  20  2:20  SCV  
  21  2:33  Personal Cloaking, SCV  
  22  2:44  Ghost  
  24  2:52  SCV  
  24  2:58  Barracks Tech Lab  
  25  3:04  SCV  
  26  3:13  Ghost  
  28  3:23  SCV  
  29  3:28  Supply Depot  
  29  3:35  SCV  
  30  3:44  Ghost  
  31  3:56  Marine  
  32  4:12  Ghost  
  34  4:25  Ghost  
  36  4:44  Supply Depot  
  36  4:48  Ghost  
  38  5:04  Ghost  
  39  5:19  Supply Depot  
Tags
 
Add a new tag
Caveats
  • Supply blocks, unpowered buildings, or Contaminate may cause inaccurate times.
  • Supply counts are checked every 10 seconds.